Map: Misty Swamp

Players

HMGOLIANWVW

  • Race: Zerg Zerg
  • Spawn Location: 3:00

IndigoStorm

  • Race: Protoss Protoss
  • League: Silver
  • Spawn Location: 3:00

Shrute

  • Race: Protoss Protoss
  • Spawn Location: 12:00

Metasapien - Winner!

  • Race: Zerg Zerg
  • League: Platinum
  • Spawn Location: 9:00

BigDaddy - Winner!

  • Race: Protoss Protoss
  • Spawn Location: 9:00

CauseoKoF - Winner!

  • Race: Zerg Zerg
  • League: Diamond
  • Spawn Location: 12:00

VOD

Have the link to the VOD?

Description

Time

  • Played on: Sept. 23, 2017, 6:54 p.m.
  • Length: 11:35
Show
View Real Time Build Order
Export as new Build Order

HMGOLIANWVW Zerg 

Build Orders: Pool First 

Get SALT Encoding   

  12  0:04  Drone  
  13  0:09  Drone  
  14  0:19  Overlord  
  14  0:36  Extractor  
  14  0:37  Drone  
  14  0:38  Drone x2  
  16  0:53  Drone  
  17  1:05  Drone  
  18  1:25  Spawning Pool  
  17  1:26  Drone x2  
  17  1:32  Extractor  
  18  1:36  Drone  
  19  1:46  Drone  
  20  1:53  Drone  
  21  2:10  Evolution Chamber  
  21  2:11  Overlord  
  21  2:14  Metabolic Boost  
  20  2:18  Queen  
  20  2:21  Overlord  
  22  2:27  Hatchery  
  21  2:54  Drone x3  
  21  2:56  Zerg Melee Weapons Level 1  
  24  3:02  Lair  
  24  3:07  Spore Crawler  
  23  3:16  Drone x2  
  25  3:28  Zergling x2  
  25  3:29  Zergling x6  
  29  3:53  Drone x2  
  29  3:55  Queen  
  33  4:03  Zergling x4  
  33  4:04  Zergling x8  
  39  4:26  Hatchery  
  39  4:30  Zergling x4  
  40  4:34  Overlord x2  
  40  4:35  Drone  
  41  4:52  Zergling x2  
  42  4:53  Zergling x4  
  44  5:06  Hydralisk Den, Spore Crawler  
  42  5:09  Spore Crawler, Zergling x6  
  42  5:10  Zergling x2  
  45  5:25  Drone  
  45  5:26  Drone x4  
  45  5:27  Overseer  
  50  5:39  Drone  
  35  6:06  Drone x2  
  35  6:07  Drone x4  
  27  6:49  Drone x2  
  27  6:50  Drone x2  
  31  6:57  Drone  
  31  6:58  Drone x3  
  35  7:02  Extractor  
  35  7:04  Extractor  
  31  7:09  Drone x2  
  32  7:18  Drone  
  32  7:19  Drone x2  
  33  7:25  Drone x2  
  35  7:31  Muscular Augments, Hatchery  
  35  7:36  Drone x3  
  37  7:57  Hatchery  
  36  8:08  Hydralisk  
  36  8:09  Hydralisk x2  
  36  8:11  Queen  
  44  8:15  Hydralisk x4  
  44  8:17  Overlord  
  44  8:18  Overlord  
  52  8:49  Hydralisk  
  52  8:50  Hydralisk x2  
  58  8:56  Hydralisk x2  
  62  9:03  Hydralisk x3  
  62  9:08  Overlord  
  68  9:10  Hydralisk  
  46  9:39  Zergling x2  
  46  9:40  Zergling x8  
  30  10:00  Drone x3  
  18  10:18  Drone  
  19  10:26  Drone  
Show
View Real Time Build Order
Export as new Build Order

IndigoStorm Protoss 

Build Orders: 1 Gate Expand, Double Forge 

Get SALT Encoding   

  12  0:04  Probe (Chrono Boost)  
  13  0:17  Pylon  
  13  0:18  Probe (Chrono Boost)  
  14  0:29  Probe (Chrono Boost)  
  15  0:41  Probe (Chrono Boost)  
  15  0:42  Gateway  
  16  0:52  Probe (Chrono Boost), Assimilator  
  17  1:02  Probe (Chrono Boost)  
  18  1:27  Nexus  
  18  1:28  Probe (Chrono Boost)  
  19  1:42  Cybernetics Core  
  19  1:43  Probe (Chrono Boost)  
  20  1:53  Pylon  
  20  2:05  Assimilator  
  20  2:07  Probe (Chrono Boost)  
  21  2:18  Probe (Chrono Boost)  
  22  2:24  Warp Gate (Chrono Boost)  
  22  2:28  Probe (Chrono Boost)  
  23  2:39  Mothership Core (Chrono Boost)  
  25  2:46  Gateway  
  25  2:48  Gateway  
  25  2:55  Probe (Chrono Boost)  
  26  3:13  Pylon  
  26  3:30  Gateway  
  26  3:32  Gateway  
  26  3:36  Assimilator  
  26  3:39  Assimilator  
  26  3:40  Probe  
  26  3:41  Probe  
  28  3:50  Probe  
  28  3:53  Probe  
  30  4:02  Probe (Chrono Boost)  
  30  4:06  Probe (Chrono Boost)  
  32  4:19  Pylon  
  32  4:29  Forge  
  32  4:31  Forge  
  32  4:33  Forge, Zealot x2  
  32  4:34  Zealot x2  
  40  4:43  Pylon  
  40  4:49  Probe x2 (Chrono Boost)  
  42  5:03  Twilight Council, Protoss Ground Weapons Level 1  
  42  5:04  Protoss Shields Level 1  
  42  5:06  Protoss Ground Armor Level 1  
  42  5:23  Robotics Facility  
  42  5:27  Zealot x2  
  42  5:28  Zealot  
  48  5:48  Nexus  
  48  6:05  Zealot x5  
  48  6:10  Observer  
  59  6:23  Charge  
  59  6:54  Zealot x4  
  61  6:55  Zealot  
  61  7:00  Probe (Chrono Boost)  
  61  7:01  Probe x2 (Chrono Boost)  
  72  7:11  Probe x2 (Chrono Boost)  
  74  7:17  Pylon  
  74  7:18  Protoss Ground Weapons Level 2 (Chrono Boost)  
  74  7:19  Pylon  
  74  7:20  Protoss Shields Level 2 (Chrono Boost), Protoss Ground Armor Level 2 (Chrono Boost)  
  74  7:21  Pylon  
  74  7:30  Zealot x4  
  74  7:31  Zealot  
  84  7:54  Zealot  
  84  7:55  Zealot x4  
  94  8:20  Adept x3  
  94  8:21  Adept x2  
  60  8:50  Zealot x2  
  60  8:51  Zealot x3  
  47  9:16  Zealot x5  
  19  10:32  Sentry x4  
  19  10:33  Sentry  
Show
View Real Time Build Order
Export as new Build Order

Shrute Protoss 

Build Orders:  

Get SALT Encoding   

  12  0:04  Probe (Chrono Boost)  
  13  0:40  Probe (Chrono Boost)  
  14  0:45  Pylon  
  14  0:52  Probe (Chrono Boost)  
  15  1:04  Gateway  
  15  1:06  Gateway  
  15  1:09  Probe (Chrono Boost)  
  15  1:10  Assimilator  
  16  1:20  Probe (Chrono Boost)  
  17  1:26  Assimilator  
  17  1:41  Probe (Chrono Boost)  
  18  1:53  Cybernetics Core  
  18  1:54  Zealot (Chrono Boost)  
  18  1:58  Zealot (Chrono Boost)  
  18  2:01  Forge  
  22  2:02  Probe (Chrono Boost)  
  22  2:03  Pylon  
  23  2:13  Pylon  
  23  2:21  Probe  
  24  2:26  Zealot (Chrono Boost)  
  26  2:38  Cybernetics Core  
  26  2:49  Probe, Sentry (Chrono Boost)  
  29  2:53  Sentry (Chrono Boost)  
  31  3:01  Probe  
  34  3:13  Probe  
  34  3:15  Sentry (Chrono Boost)  
  35  3:24  Stargate  
  35  3:27  Photon Cannon  
  35  3:37  Stalker (Chrono Boost)  
  39  3:44  Stalker (Chrono Boost)  
  39  4:07  Nexus  
  39  4:31  Pylon  
  39  4:40  Pylon  
  39  4:46  Protoss Shields Level 1  
  39  4:48  Void Ray (Chrono Boost)  
  43  4:54  Protoss Air Weapons Level 1 (Chrono Boost)  
  43  5:06  Photon Cannon  
  43  5:11  Mothership Core (Chrono Boost)  
  49  5:29  Void Ray (Chrono Boost)  
  49  5:37  Probe  
  49  5:38  Probe  
  51  5:58  Photon Cannon  
  51  6:01  Zealot  
  51  6:02  Zealot  
  51  6:03  Probe  
  54  6:15  Void Ray (Chrono Boost)  
  56  6:30  Probe x2  
  56  6:32  Zealot (Chrono Boost)  
  58  6:36  Zealot (Chrono Boost)  
  57  6:48  Probe x2  
  59  7:09  Void Ray (Chrono Boost)  
  59  7:10  Probe x2  
  65  7:21  Twilight Council  
  65  7:23  Photon Cannon  
  65  7:24  Photon Cannon  
  65  7:27  Probe  
  65  7:28  Probe  
  67  7:32  Zealot  
  69  7:37  Pylon  
  65  7:54  Zealot  
  45  8:16  Photon Cannon  
  45  8:18  Photon Cannon  
  44  8:20  Photon Cannon  
  44  8:22  Photon Cannon  
  44  8:23  Photon Cannon  
  44  8:24  Photon Cannon  
  44  8:32  Photon Cannon  
  44  8:34  Photon Cannon  
  43  9:00  Gateway  
  41  9:02  Gateway  
  41  9:06  Pylon  
  41  9:16  Forge  
  41  9:20  Pylon  
  31  9:37  Probe  
  32  9:47  Probe  
  33  9:58  Cybernetics Core  
  33  10:21  Assimilator  
  33  10:26  Assimilator  
  33  10:27  Pylon  
  33  11:05  Stargate  
  33  11:06  Stargate  
  33  11:10  Stargate  
  33  11:13  Stargate  
  33  11:15  Stargate  
  31  11:20  Photon Cannon  
  31  11:21  Photon Cannon  
  33  11:26  Pylon  
Show
View Real Time Build Order
Export as new Build Order

Metasapien Zerg - Winner!

Build Orders: 3 Hatch before Pool 

Get SALT Encoding   

  12  0:41  Overlord  
  12  1:05  Hatchery  
  12  1:09  Hatchery  
  10  1:18  Drone x2  
  12  1:27  Drone  
  12  1:31  Drone  
  14  1:40  Drone  
  15  1:52  Spawning Pool  
  14  1:55  Extractor  
  14  1:57  Drone  
  14  2:06  Drone  
  15  2:15  Drone  
  16  2:23  Drone  
  16  2:25  Drone  
  16  2:27  Drone  
  16  2:29  Drone  
  20  2:32  Drone  
  20  2:36  Overlord  
  21  2:39  Drone  
  22  2:50  Drone  
  22  2:51  Spine Crawler  
  22  2:52  Drone  
  22  2:54  Drone  
  24  3:10  Drone x2  
  24  3:11  Drone x2  
  28  3:12  Overlord  
  28  3:17  Queen  
  30  3:22  Metabolic Boost  
  30  3:26  Drone  
  30  3:27  Drone  
  32  3:28  Drone  
  32  3:30  Drone  
  32  3:31  Drone  
  35  3:34  Drone  
  35  3:40  Queen  
  38  3:43  Drone  
  38  3:44  Drone  
  40  3:52  Queen  
  40  3:53  Drone x3, Extractor  
  44  4:03  Evolution Chamber  
  44  4:05  Drone x2, Evolution Chamber  
  44  4:09  Drone x3  
  47  4:10  Overlord  
  47  4:16  Overlord x2  
  47  4:27  Drone  
  48  4:33  Lair  
  48  4:39  Roach Warren  
  48  4:43  Drone x3  
  48  4:44  Drone x2  
  52  4:45  Extractor  
  52  4:47  Extractor  
  52  4:48  Extractor  
  52  4:49  Drone  
  52  4:50  Drone, Extractor  
  52  4:51  Drone x5  
  55  4:56  Zerg Ground Armor Level 1  
  55  5:02  Drone  
  55  5:04  Zergling x2  
  55  5:05  Zergling x2  
  58  5:08  Zergling x2  
  59  5:20  Drone  
  60  5:21  Drone  
  60  5:22  Drone x2  
  60  5:26  Roach x4  
  60  5:27  Overlord  
  60  5:28  Overlord  
  71  5:33  Zerg Missile Weapons Level 1  
  71  5:38  Hydralisk Den  
  70  5:56  Spore Crawler  
  69  5:57  Spore Crawler  
  69  5:59  Spore Crawler  
  67  6:05  Roach x2  
  67  6:06  Roach x6  
  67  6:07  Roach x3  
  67  6:10  Zergling x2  
  90  6:17  Overlord  
  90  6:18  Overlord x3  
  86  6:28  Queen  
  86  6:29  Queen, Hydralisk  
  86  6:30  Hydralisk  
  89  6:35  Hydralisk x2  
  89  6:36  Hydralisk x2  
  97  6:40  Hydralisk x2  
  101  6:50  Drone x3  
  101  6:51  Zergling x2  
  105  7:02  Hydralisk x3  
  105  7:03  Hydralisk x5  
  121  7:12  Overlord x2  
  121  7:22  Overlord x4  
  121  7:24  Pneumatized Carapace  
  121  7:26  Burrow, Hatchery  
  120  7:31  Drone  
  120  7:32  Infestation Pit  
  120  7:33  Drone x2  
  120  7:34  Drone  
  123  7:40  Nydus Network  
  122  7:47  Overseer  
  122  7:48  Overseer  
  122  7:50  Hydralisk x3  
  122  7:51  Roach x2  
  132  7:52  Roach  
  132  7:54  Zergling x10  
  132  7:55  Zergling x6  
  142  8:01  Glial Reconstitution  
  142  8:08  Muscular Augments  
  142  8:15  Drone x2  
  144  8:20  Extractor  
  144  8:22  Extractor  
  142  8:28  Hydralisk x3  
  142  8:29  Roach x3  
  142  8:30  Drone  
  155  8:37  Ravager x3  
  154  8:45  Zerg Missile Weapons Level 2  
  130  8:57  Hydralisk x2  
  130  8:58  Roach x3, Hydralisk  
  130  9:00  Zergling x2  
  130  9:01  Zergling x16  
  145  9:21  Hydralisk x4  
  145  9:22  Roach x4  
  159  9:36  Drone x2  
  160  9:41  Drone x3  
  160  9:42  Drone x2  
  165  9:55  Hive  
  162  10:02  Nydus Canal  
  162  10:06  Overlord x2  
  162  10:07  Overlord x2  
  162  10:08  Zergling x22  
  162  10:09  Zergling x4  
  172  11:07  Roach, Hydralisk x4  
  172  11:08  Hydralisk x2, Roach x6  
  198  11:21  Nydus Canal  
Show
View Real Time Build Order
Export as new Build Order

BigDaddy Protoss - Winner!

Build Orders: Nexus First 

Get SALT Encoding   

  12  0:15  Probe (Chrono Boost)  
  13  0:25  Pylon  
  13  0:26  Probe (Chrono Boost)  
  14  0:36  Probe (Chrono Boost)  
  15  0:47  Probe (Chrono Boost)  
  16  0:57  Probe (Chrono Boost)  
  17  1:05  Nexus  
  17  1:18  Assimilator  
  17  1:21  Forge  
  17  1:29  Gateway  
  17  1:42  Assimilator  
  17  1:48  Pylon  
  17  1:57  Assimilator  
  17  1:58  Probe (Chrono Boost)  
  18  2:02  Assimilator  
  19  2:08  Probe (Chrono Boost)  
  19  2:19  Probe (Chrono Boost)  
  19  2:20  Probe (Chrono Boost)  
  21  2:29  Probe (Chrono Boost)  
  22  2:30  Probe (Chrono Boost)  
  22  2:31  Cybernetics Core  
  23  2:40  Probe (Chrono Boost)  
  23  2:41  Probe (Chrono Boost)  
  23  2:43  Zealot  
  27  2:50  Probe (Chrono Boost)  
  28  2:51  Probe (Chrono Boost)  
  29  3:02  Probe (Chrono Boost)  
  30  3:07  Pylon  
  30  3:12  Probe x2 (Chrono Boost)  
  32  3:19  Stargate  
  32  3:23  Probe x2 (Chrono Boost)  
  36  3:34  Mothership Core (Chrono Boost)  
  36  3:43  Probe (Chrono Boost)  
  37  3:51  Photon Cannon  
  37  3:52  Probe (Chrono Boost)  
  37  3:53  Probe (Chrono Boost), Photon Cannon  
  39  4:10  Stargate  
  39  4:11  Stargate  
  39  4:15  Stargate  
  39  4:16  Pylon  
  39  4:17  Pylon  
  39  4:44  Void Ray  
  43  4:50  Pylon  
  43  4:54  Probe (Chrono Boost)  
  44  5:00  Probe (Chrono Boost)  
  45  5:09  Void Ray  
  45  5:11  Probe (Chrono Boost)  
  45  5:12  Void Ray  
  55  5:21  Probe (Chrono Boost)  
  55  5:24  Void Ray  
  59  5:32  Probe (Chrono Boost)  
  60  5:42  Probe (Chrono Boost)  
  61  5:47  Void Ray  
  65  5:52  Void Ray  
  65  5:55  Photon Cannon  
  57  6:22  Void Ray (Chrono Boost)  
  57  6:23  Void Ray (Chrono Boost)  
  62  6:39  Probe (Chrono Boost)  
  63  6:45  Void Ray (Chrono Boost)  
  71  6:48  Void Ray (Chrono Boost)  
  71  6:49  Probe (Chrono Boost)  
  72  7:00  Probe  
  73  7:06  Void Ray (Chrono Boost)  
  77  7:28  Nexus  
  77  7:33  Probe  
  78  7:53  Void Ray (Chrono Boost)  
  78  7:59  Probe, Mothership Core  
  77  8:20  Probe  
  78  8:40  Void Ray x2 (Chrono Boost)  
  90  8:46  Void Ray (Chrono Boost)  
  90  9:20  Void Ray (Chrono Boost)  
  90  9:21  Void Ray (Chrono Boost)  
  90  9:29  Void Ray (Chrono Boost)  
  80  10:06  Void Ray (Chrono Boost)  
  84  10:14  Void Ray (Chrono Boost)  
  84  10:17  Void Ray (Chrono Boost)  
  92  10:56  Pylon x2  
  92  10:59  Pylon  
  92  11:01  Pylon  
  92  11:03  Pylon  
  92  11:09  Probe  
  93  11:13  Probe  
  112  11:21  Probe  
  111  11:33  Assimilator  
Show
View Real Time Build Order
Export as new Build Order

CauseoKoF Zerg - Winner!

Build Orders: Pool First, Zergling Baneling 

Get SALT Encoding   

  12  0:07  Drone  
  12  0:14  Drone  
  14  0:21  Overlord  
  14  0:24  Extractor  
  14  0:25  Drone  
  15  0:41  Spawning Pool  
  14  0:44  Drone  
  14  0:48  Drone  
  16  0:56  Extractor  
  15  1:02  Drone x2  
  17  1:11  Extractor  
  17  1:12  Overlord  
  16  1:24  Drone  
  17  1:28  Queen  
  19  1:33  Drone  
  20  1:44  Spore Crawler  
  20  1:46  Drone  
  20  1:49  Metabolic Boost  
  20  1:59  Zergling x2  
  21  2:09  Zergling x2  
  22  2:17  Zergling x2  
  23  2:24  Lair  
  23  2:28  Overlord  
  23  2:38  Zergling x6  
  26  2:47  Zergling x2, Baneling Nest  
  26  2:51  Drone  
  27  3:01  Overlord  
  27  3:09  Zergling x2  
  27  3:10  Zergling x4  
  30  3:19  Drone  
  31  3:29  Zergling x2  
  32  3:36  Nydus Network  
  32  3:37  Drone  
  32  3:51  Drone x2  
  32  3:52  Drone  
  35  4:02  Zergling x2  
  36  4:14  Zergling x2  
  36  4:15  Centrifical Hooks  
  37  4:25  Zergling x2  
  37  4:26  Zergling x6  
  41  4:49  Hatchery  
  41  4:50  Baneling x5  
  41  4:51  Baneling x2  
  40  4:52  Baneling  
  40  5:05  Zergling x8  
  44  5:13  Nydus Canal  
  44  5:19  Overlord  
  44  5:34  Baneling x4  
  44  5:35  Baneling x2  
  18  6:01  Zergling x4  
  18  6:04  Zergling x4  
Tags
 
Add a new tag
Caveats
  • Supply blocks, unpowered buildings, or Contaminate may cause inaccurate times.
  • Supply counts are checked every 10 seconds.